Map: Colonisation EC

Players

zidar

  • Race: Zerg Zerg
  • League: Silver
  • Spawn Location: 11:00

Ray - Winner!

  • Race: Zerg Zerg
  • League: Gold
  • Spawn Location: 7:00

VOD

Have the link to the VOD?

Description

Time

  • Played on: April 30, 2016, 1:46 p.m.
  • Length: 7:37
Show
View Real Time Build Order
Export as new Build Order

zidar Zerg 

Build Orders: Pool First 

Get SALT Encoding   

  12  0:02  Drone  
  13  0:09  Drone  
  14  0:17  Overlord  
  14  0:24  Extractor, Drone  
  15  0:37  Drone  
  15  0:38  Drone  
  17  0:51  Drone  
  17  0:53  Spawning Pool  
  17  1:18  Hatchery  
  16  1:34  Drone  
  16  1:35  Drone x2  
  16  1:39  Queen, Extractor  
  20  1:52  Drone  
  21  2:01  Overlord  
  21  2:19  Queen  
  23  2:23  Drone x2  
  23  2:29  Overlord  
  24  2:31  Zergling x2  
  25  2:41  Zergling x4  
  27  2:55  Metabolic Boost  
  27  3:02  Roach Warren  
  27  3:04  Extractor  
  27  3:05  Drone x5  
  30  3:34  Zergling x4  
  30  3:35  Zergling x14  
  39  3:52  Roach x2  
  39  3:55  Overlord x2  
  42  4:04  Baneling Nest  
  41  4:11  Drone x2  
  41  4:13  Drone  
  44  4:20  Lair  
  44  4:40  Drone  
  44  4:44  Drone x6  
  51  4:55  Drone x4  
  51  4:59  Overlord  
  55  5:10  Roach x2  
  59  5:31  Extractor  
  59  5:34  Extractor, Spire  
  56  5:42  Drone x8  
  64  6:30  Overlord x2  
  54  6:41  Zergling x26  
  37  6:54  Mutalisk x2  
  29  7:09  Mutalisk  
  29  7:10  Mutalisk x2  
Show
View Real Time Build Order
Export as new Build Order

Ray Zerg - Winner!

Build Orders: Hatch First 

Get SALT Encoding   

  12  0:07  Overlord  
  12  0:13  Drone  
  13  0:17  Drone  
  14  0:26  Drone  
  15  0:30  Drone  
  16  0:40  Drone  
  17  0:55  Hatchery  
  16  1:10  Spawning Pool  
  15  1:12  Drone  
  15  1:14  Drone  
  17  1:18  Drone  
  17  1:25  Extractor, Drone  
  18  1:34  Drone  
  19  1:47  Drone  
  20  1:56  Queen  
  22  2:12  Queen  
  24  2:16  Drone x2  
  24  2:17  Drone  
  27  2:23  Overlord  
  27  2:28  Drone  
  28  2:36  Overlord  
  28  2:38  Metabolic Boost  
  28  2:54  Drone x3  
  28  2:55  Overlord  
  28  2:57  Drone  
  32  3:02  Baneling Nest  
  32  3:05  Zergling x2  
  32  3:10  Overlord  
  32  3:12  Zergling x4  
  34  3:24  Zergling x12  
  40  3:35  Drone  
  40  3:36  Drone  
  40  3:39  Drone  
  43  3:49  Baneling x2  
  43  3:50  Baneling x2  
  43  4:00  Zergling x16  
  51  4:05  Lair  
  51  4:06  Extractor  
  50  4:15  Drone  
  50  4:16  Drone x2  
  53  4:28  Drone x5  
  58  4:39  Drone  
  58  4:40  Drone  
  58  4:41  Overlord x2  
  60  4:57  Overlord  
  60  5:04  Centrifical Hooks  
  60  5:05  Evolution Chamber  
  59  5:21  Pneumatized Carapace  
  59  5:31  Hydralisk Den  
  59  5:32  Extractor  
  59  5:34  Extractor  
  56  5:41  Zergling x26  
  68  6:01  Hydralisk  
  68  6:03  Overlord, Hydralisk  
  72  6:10  Drone x2  
  72  6:11  Hatchery, Drone  
  74  6:21  Hydralisk  
  74  6:22  Hydralisk  
  74  6:24  Zergling x2  
  74  6:25  Zergling x10  
  84  6:33  Hydralisk  
  84  6:37  Zergling x2  
  80  6:41  Zergling x2  
  77  6:49  Hydralisk  
  77  6:50  Hydralisk x3  
  82  7:02  Zergling x2  
  82  7:03  Zergling x2  
  74  7:15  Drone x2  
Tags
 
Add a new tag
Caveats
  • Supply blocks, unpowered buildings, or Contaminate may cause inaccurate times.
  • Supply counts are checked every 10 seconds.